 Dungeon Crawl Stone Soup version 0.30-a0-159-g068b764562 (webtiles) character file.

Game seed: 10053584119590509268

193442 ragingrage the Devastator (level 17, -7/137 HPs)
             Began as a Demonspawn Reaver on Sept 27, 2022.
             Was the Champion of Jiyva.
             Shot with an arrow by a centaur warrior (11 damage)
             ... on level 3 of the Vaults.
             The game lasted 01:16:22 (27602 turns).

ragingrage the Devastator (Demonspawn Reaver)      Turns: 27602, Time: 01:16:23

Health: -7/137     AC:  7    Str: 16    XL:     17   Next: 64%
Magic:  31/32      EV: 18    Int: 28    God:    Jiyva [******]
Gold:   757        SH:  4    Dex: 10    Spells: 16/39 levels left

rFire   + . .      SeeInvis .    b - +6 sling of the Walnut {venom, rCorr Int+3}
rCold   + + .      Faith    .    (no shield)
rNeg    + . .      Spirit   .    I - +0 troll leather armour
rPois   +          Reflect  .    (helmet restricted)
rElec   .          Harm     .    m - scarf {rC+ rF+}
rCorr   +          Rampage  .    (gloves unavailable)
Will    +++..                    u - +2 pair of boots
Stlth   ++........               d - amulet of the acrobat
HPRegen 3.52/turn                R - ring of Meugair {rPois rC+ Will+}
MPRegen 0.73/turn                X - ring of positive energy

@: studying Staves
A: repulsion field 2, spiny 2, augmentation 2, condensation shield, demonic
touch 3, horns 1, clever 1, strong-willed 1, sense surroundings 1, regeneration
1, strong 1, acidic bite, eyeballs 1, gelatinous body 1, pseudopods 1,
translucent skin 2, evolution 2, jelly absorbing missiles
}: 1/15 runes: slimy
a: Renounce Religion, Oozemancy, Slimify


You were on level 3 of the Vaults.
You worshipped Jiyva.
Jiyva was exalted by your worship.
You visited 7 branches of the dungeon, and saw 36 of its levels.
You also visited: Wizlab.

You collected 997 gold pieces.
You spent 240 gold pieces at shops.

Inventory:

Hand Weapons
 a - the +5 sword of Power {vorpal}
   (You found it on level 2 of the Spider Nest)

   It inflicts extra damage upon your enemies.
   It occasionally discharges a powerful but inaccurate bolt of energy upon
   striking a foe, with increased chance the greater the wielder's current
   health.
 b - the +6 sling of the Walnut (weapon) {venom, rCorr Int+3}
   (You found it on level 4 of the Dungeon)

   Any ammunition fired from it poisons the flesh of those it strikes.
   Int:       It affects your intelligence (+3).
   rCorr:     It protects you from acid and corrosion.
 T - the +4 rapier of the Harvest {vorpal, rElec rC- rN++ Will+}
   (You found it on level 5 of the Pits of Slime)

   It inflicts extra damage upon your enemies.
   rC:        It makes you vulnerable to cold.
   rElec:     It insulates you from electricity.
   rN:        It greatly protects you from negative energy.
   Will:      It increases your willpower.
 U - the +6 demon blade of Sharp Optimality {drain, rF+ Str+4}
   (You found it on level 5 of the Pits of Slime)

   A truly terrible weapon, it drains the life of any living foe it strikes.
   Str:       It affects your strength (+4).
   rF:        It protects you from fire.
Missiles
 q - 15 boomerangs
 C - 3 curare-tipped darts
 Y - a throwing net
Armour
 j - a +0 kite shield of reflection
 m - a scarf of resistance (worn)
 u - a +2 pair of boots (worn)
 I - a +0 troll leather armour (worn)
 S - the +2 ring mail "Xiyr" {Will+}
   (You found it on level 5 of the Pits of Slime)

   Will:      It increases your willpower.
 W - a +2 buckler of positive energy
 Z - the +8 orange crystal plate armour {Archmagi, Int+3 Clar}
   (You found it on level 1 of the Shoals)

   Int:       It affects your intelligence (+3).
   Clar:      It protects you against confusion.
Magical Staves
 g - a staff of conjuration
Jewellery
 d - an amulet of the acrobat (around neck)
 R - the ring of Meugair (left hand) {rPois rC+ Will+}
   (You found it on level 5 of the Pits of Slime)

   [ring of willpower]

   rC:        It protects you from cold.
   rPois:     It protects you from poison.
   Will:      It increases your willpower.
 X - a ring of positive energy (right hand)
Wands
 o - a wand of flame (11)
 w - a wand of mindburst (6)
 z - a wand of paralysis (11)
 B - a wand of roots (9)
 P - a wand of acid (4)
Scrolls
 f - a scroll of magic mapping
 l - 2 scrolls of teleportation
 F - a scroll of fog
 J - a scroll of silence
 L - a scroll of blinking
 M - 2 scrolls of enchant armour
Potions
 c - 3 potions of invisibility
 e - 5 potions of curing
 h - 5 potions of lignification
 i - 3 potions of attraction
 k - a potion of resistance
 n - 4 potions of flight
 p - a potion of heal wounds
 r - 2 potions of mutation {unknown}
 s - 4 potions of haste
 x - a potion of brilliance {unknown}
 A - 2 potions of magic
 G - 2 potions of cancellation
 N - a potion of berserk rage {unknown}
 O - a potion of might
Miscellaneous
 v - a condenser vane


   Skills:
 + Level 13.4 Fighting
 - Level 5.3 Polearms
 - Level 5.0 Armour
 - Level 8.1 Dodging
 + Level 11.5 Spellcasting
 - Level 17.7 Conjurations
 + Level 10.2 Hexes
 + Level 11.3 Necromancy
 - Level 6.0 Ice Magic
 + Level 3.9 Earth Magic
 - Level 9.0 Evocations


You had 16 spell levels left.
You knew the following spells:

 Your Spells              Type           Power      Damage    Failure   Level
a - Kiss of Death         Conj/Necr      100%       2d13      0%          1
b - Volcanic Tap          Conj/Fire/Erth 100%       3d13      1%          2
c - Hailstorm             Conj/Ice       70%        3d15      1%          3
d - Searing Ray           Conj           100%       2d8       0%          2
e - Fulminant Prism       Conj/Hex       38%        3d18      1%          4
f - Simulacrum            Ice/Necr       30%        N/A       17%         6
g - Borgnjor's Vile Clut  Necr/Erth      28%        N/A       4%          5

Your spell library contained the following spells:

 Spells                   Type           Power      Damage    Failure   Level
 Magic Dart               Conj           100%       1d8       0%          1
 Necrotise                Necr           100%       1d9       1%          1
 Sandblast                Erth           76%        2d16      1%          1
 Shock                    Conj/Air       100%       1d9       1%          1
 Slow                     Hex            100%       N/A       1%          1
 Ensorcelled Hibernation  Hex/Ice        100%       N/A       1%          2
 Confusing Touch          Hex            65%        N/A       1%          3
 Ozocubu's Armour         Ice            50%        N/A       1%          3
 Vampiric Draining        Necr           68%        2d10      1%          3
 Anguish                  Hex/Necr       33%        N/A       1%          4
 Agony                    Necr           68%        N/A       1%          5
 Leda's Liquefaction      Hex/Erth       27%        N/A       2%          4
 Sting                    Tmut/Pois      64%        1d6       4%          1
 Metabolic Englaciation   Hex/Ice        29%        N/A       4%          5
 Poisonous Vapours        Pois/Air       32%        N/A       6%          2
 Spider Form              Tmut/Pois      16%        N/A       12%         3
 Swiftness                Air            16%        N/A       12%         3
 Lee's Rapid Deconstruct  Erth           19%        3d12*     22%         5
 Airstrike                Air            8%         2d(2-18)  38%         4
 Olgreb's Toxic Radiance  Pois           16%        N/A       38%         4
 Alistair's Intoxication  Tmut/Pois      10%        N/A       75%         5
 Statue Form              Tmut/Erth      18%        N/A       95%         6
 Eringya's Noxious Bog    Tmut/Pois      8%         N/A       99%         6


Dungeon Overview and Level Annotations

Branches:
Dungeon (15/15)            Temple (0/1) D:5            Lair (5/5) D:9
 Shoals (3/4) Lair:3       Spider (3/4) Lair:3        Slime (5/5) Lair:4
    Orc (2/2) D:11            Elf (0/3) Orc:2        Vaults (3/5) D:14
  Crypt (0/3) Vaults:2     Depths (0/4) D:15         WizLab (visited)

Altars:
Fedhas
Okawaru
Qazlal
Ru
Sif Muna
Trog
Xom
Jiyva
Lugonu

Shops:
D:8 *   D:12 =   Orc:2 ([*=   Vaults:1 *

Portals:
Abyss: Lair:5
Trove: Vaults:3 (give 4 potions of resistance)

Annotations:
D:11 exclusion: 2 downstairs
D:13 2 transporters, Tuopn's ghost, journeyman OpFE
D:15 3 runed translucent doors, Cancer's ghost, adept GrEE
Shoals:1 exclusion: downstairs
Shoals:2 exclusion: 2 downstairs
Spider:1 1 runed translucent door, exclusion: downstairs, Fawason's ghost, adept HuFi
Spider:2 exclusion: downstairs
Slime:5 Royal Jelly
Vaults:2 Nikola


Innate Abilities, Weirdness & Mutations

You are surrounded by a moderate repulsion field. (EV +3)
You are mostly covered in sharp spines.
Your magical and physical power is enhanced at high health.
A meltable shield of frost defends you. (SH +4)
Your touch may irresistibly damage your foes and sap their willpower.
You have a pair of small horns on your head.
Your mind is acute. (Int +4, Str/Dex -1)
You are strong-willed. (Will+)
You passively map a small area around you.
Your natural rate of healing is unusually fast.
Your muscles are strong. (Str +4, Int/Dex -1)
You have acidic saliva.
Your body has grown eyes which may confuse attackers. (Acc +3)
Your rubbery body absorbs attacks. (AC +1, EV +1)
Armour fits poorly on your pseudopods.
Your translucent skin reduces your foes' accuracy. (Stealth+)
You have great hidden genetic potential.
You have a small jelly attached to you that may absorb projectiles.


Message History

The yaktaur captain wields a +0 arbalest.
The yaktaur captain shoots a bolt.
The bolt hits you!!!
You shudder from the blast and a jelly pops out!
There is a stone staircase leading up, spattered with blood here.
Unknown command.
Casting: Fulminant Prism (safe; 1% risk of failure)
Confirm with . or Enter, or press ? or * to list all spells.
Aiming: Fulminant Prism (safe; 1% risk of failure)
Press: ? - help, Dir - move target You conjure a prism of explosive energy!
A fulminant prism comes into view.
The yaktaur captain shoots a bolt.
The bolt hits you!!
Fire: b) +6 sling of the Walnut {venom, rCorr Int+3}
Press: ? - help, Q - select action, (/) - cycle Shift-Dir - straight line, f - ironbound preserver
Aim: an ironbound preserver, wielding a +0 morningstar and wearing a +0 leather armour (ally target, 82% to hit)
You shoot a sling bullet.
The sling bullet hits the ironbound preserver but does no damage.
The ironbound preserver is poisoned.
A vault sentinel comes into view. It is wielding a +0 long sword.
Your acid blob spits acid at the yaktaur captain.
The splash of acid hits the yaktaur captain!!
The acid corrodes the yaktaur captain!
The yaktaur captain shoots a bolt.
The bolt hits you!!
Your fulminant prism crackles loudly.
The centaur warrior wields a +0 shortbow.
The centaur warrior shoots an arrow.
The arrow hits you!
The ironbound preserver is struck by your spines.
The ironbound preserver hits you with a +0 morningstar!
The yaktaur captain shoots a bolt.
The bolt hits you!!!
* * * LOW HITPOINT WARNING * * *
You shudder from the blast and a jelly pops out!
Your fulminant prism explodes!
The blast of energy engulfs the vault sentinel!!!
You kill the vault sentinel!
The blast of energy engulfs the centaur warrior!!
The centaur warrior is severely wounded.
The blast of energy engulfs the yaktaur captain!!!
The yaktaur captain is almost dead.
The centaur warrior shoots an arrow.
The arrow hits you!
You die...

#......# *,*,,****,,,,,,,*
#......# ***+**+,,*,,,,,,,*
#......# *,,,*,*,,*~~,,,~~*
#......# *,,,***,,+~~,,,~~*
#......# ##+#####**********
#......# #......#********###*
#......# #...J..#*,,,,,,,...,
#......# #......#*,*#########
#......# #..@...#*,##...#†..#
#......# #..p...#*,#..⌠...)..
#......# #c.J...##,##...#...#
####'#######c#######.*######'##
#.....#..#..)..# #..##...#.#.
#.....'..#.....# #..#..♣.....
#.....#..#.....# #..##...#.#.
#.....#..#.....# #..######'##
#.....#..#..cp.# #...........


You could see an ironbound preserver (poisoned), a yaktaur captain (corroded,
ally target), a centaur warrior, a friendly acid blob (summoned) and a friendly
rockslime (summoned).

Vanquished Creatures
  A sphinx (Vaults:2)
  Donald (Spider:2)
  2 vault wardens
  A broodmother (Spider:2)
  5 ironbound preservers
  3 very ugly things (Vaults:2)
  2 stone giants
  3 ironbound thunderhulks
  4 dire elephants
  A spark wasp (Spider:2)
  2 merfolk impalers
  3 ettins
  6 entropy weavers
  A rakshasa (D:14)
  An ice dragon (D:14)
  2 yaktaur captains
  An ironbound frostheart (Vaults:2)
  A peacekeeper (Vaults:2)
  A radroach (Spider:2)
  2 catoblepae
  3 centaur warriors
  3 hydras
  A merfolk avatar (Shoals:1)
  A jorogumo (Spider:1)
  3 boulder beetles
  A merfolk aquamancer (Shoals:2)
  A spriggan air mage (WizLab)
  Erica (Lair:1)
  4 death knights
  A two-headed ogre (D:7)
  3 tengu warriors
  3 death yaks (Lair:4)
  3 thrashing horrors (Lair:5)
  An orc high priest (Orc:2)
  2 shock serpents
  5 pharaoh ants
  10 skeletal warriors (D:12)
  4 sea snakes
  4 steelbarb worms (Spider:2)
  19 deep trolls
  5 orb spiders
  24 harpies
  3 ironbound convokers
  7 lindwurms
  2 wizards
  2 orc knights
  A deep elf pyromancer (D:15)
  10 ugly things
  3 orc sorcerers
  7 fauns (Shoals:1)
  10 wolf spiders
  12 cyclopes
  3 manticores
  An apocalypse crab (WizLab)
  2 black mambas
  A merfolk siren (Shoals:2)
  2 moths of wrath
  5 torpor snails
  11 vault sentinels
  4 smoke demons (Lair:5)
  A gargoyle (D:12)
  2 water nymphs
  19 yaktaurs
  Psyche (D:9)
  2 unseen horrors
  6 cane toads
  2 rime drakes
  2 kobold demonologists (D:13)
  A tengu conjurer (D:15)
  11 demonic crawlers
  2 freezing wraiths
  2 ancient zymes (Lair:5)
  8 komodo dragons
  3 wind drakes
  8 merfolk
  6 trolls
  3 large abominations (Lair:5)
  3 hornets (Spider:2)
  4 polar bears
  A tarantella (shapeshifter) (D:14)
  3 meliai (D:15)
  6 dream sheep (Shoals:1)
  10 tarantellas
  9 snapping turtles
  17 blink frogs (Lair:5)
  23 jumping spiders
  9 culicivoras
  A spriggan (Lair:5)
  A shadow (D:11)
  11 small abominations (Lair:5)
  A vampire (D:12)
  3 wyverns
  55 yaks
  A chaos spawn (Lair:5)
  10 water elementals
  4 wraiths
  A basilisk (Lair:2)
  A vampire mosquito (D:8)
  40 redbacks
  A steam dragon (D:9)
  A warg (shapeshifter) (D:12)
  A warg (Orc:2)
  7 acid dragons
  10 water moccasins
  18 orc warriors
  A swamp drake (D:11)
  An ice beast (D:6)
  3 black bears
  2 sky beasts
  A wolf (shapeshifter) (Lair:5)
  5 ogres
  6 centaurs
  6 wolves (Lair:5)
  4 kobold brigands
  10 bullfrogs
  2 gnoll sergeants (D:8)
  2 necrophages
  2 scorpions
  10 wights
  4 jellies
  12 killer bees
  5 howler monkeys
  4 electric eels (D:13)
  8 orc priests
  6 hounds
  A gnoll bouda (D:5)
  2 iguanas
  10 orc wizards
  18 gnolls
  7 adders
  A white imp (D:6)
  4 ufetubi
  4 worms
  4 dart slugs
  34 orcs
  An endoplasm (D:2)
  4 giant cockroaches
  4 goblins
  6 hobgoblins
  4 jackals (D:3)
  3 quokkas
  10 ball pythons
  11 bats
  3 frilled lizards
  25 kobolds
  6 rats
  3 fulminant prisms
821 creatures vanquished.

Vanquished Creatures (collateral kills)
  A war gargoyle (Vaults:2)
  A dire elephant (Vaults:1)
  A merfolk impaler (Shoals:2)
  An ettin (Orc:2)
  A boulder beetle (D:12)
  A merfolk avatar (Shoals:2)
  A centaur warrior (D:12)
  A merfolk aquamancer (Shoals:2)
  An alligator snapping turtle (Shoals:1)
  A sea snake (Shoals:2)
  2 cyclopes
  A water nymph (Shoals:2)
  Maurice (D:9)
  A tengu conjurer (D:14)
  A snapping turtle (Shoals:2)
  A water elemental (Shoals:2)
17 creatures vanquished.

Vanquished Creatures (others)
  A sphinx (Vaults:2)
  An ironbound thunderhulk (Vaults:2)
  2 great orbs of eyes (Vaults:3)
  A yaktaur captain (Vaults:2)
  A boulder beetle (D:12)
  A glowing orange brain (Vaults:3)
  A wizard (Vaults:2)
  A deep elf pyromancer (D:15)
  An ugly thing (Vaults:2)
  2 manticores (Shoals:2)
  A merfolk siren (Shoals:2)
  An eye of devastation (shapeshifter) (Lair:5)
  A gargoyle (D:12)
  A yaktaur (Vaults:3)
  A komodo dragon (Lair:5)
  A tengu conjurer (D:15)
  23 slime creatures
  A dream sheep (Shoals:1)
  A water elemental (Shoals:1)
  2 redbacks (Vaults:2)
  An orc warrior (D:11)
  An ice beast (D:6)
  2 bullfrogs
  2 howler monkeys
  5 orc priests
  137 jellies
  2 hounds
  3 orc wizards
  A gnoll (D:5)
  2 adders
  A worm (D:4)
  17 orcs
  An endoplasm (D:3)
  2 giant cockroaches
  2 ball pythons
  A kobold (D:4)
  326 fulminant prisms
  149 fungi
  234 plants
  8 tentacles (Shoals:1)
942 creatures vanquished.

Grand Total: 1780 creatures vanquished

Notes
Turn   | Place    | Note
-------+----------+-------------------------------------------
     0 | D:1      | ragingrage the Demonspawn Reaver began the quest for the
                  | Orb.
     0 | D:1      | Reached XP level 1. HP: 16/16 MP: 3/3
   332 | D:2      | Found a shimmering altar of Xom.
   339 | D:2      | Gained mutation: Your touch may inflict minor irresistible
                  | damage on your foes. [demonic ancestry]
   339 | D:2      | Reached XP level 2. HP: 22/22 MP: 5/5
   469 | D:2      | Learned a level 2 spell: Volcanic Tap
   517 | D:2      | Gained mutation: A meltable shield of frost defends you.
                  | (SH +4) [demonic ancestry]
   517 | D:2      | Reached XP level 3. HP: 12/24 MP: 4/6
  1064 | D:1      | Found a faded altar of an unknown god.
  1090 | D:1      | Reached skill level 1 in Necromancy
  1101 | D:1      | Prayed at the altar of an unknown god.
  1101 | D:1      | Became a worshipper of Jiyva Joasaong the Shapeless
  1101 | D:1      | Reached * piety under Jiyva
  1399 | D:3      | Reached skill level 4 in Conjurations
  1399 | D:3      | Gained mutation: You are partially covered in sharp spines.
                  | [demonic ancestry]
  1399 | D:3      | Reached XP level 4. HP: 17/33 MP: 7/7
  1509 | D:3      | Learned a level 3 spell: Hailstorm
  1577 | D:3      | Reached ** piety under Jiyva
  2055 | D:4      | Noticed a necrophage
  2070 | D:3      | Killed a necrophage
  2071 | D:3      | Gained mutation: You are mostly covered in sharp spines.
                  | [demonic ancestry]
  2071 | D:3      | Reached XP level 5. HP: 36/38 MP: 8/8
  2182 | D:4      | Reached skill level 5 in Conjurations
  2218 | D:4      | Identified the +6 sling of the Walnut {venom, rCorr Int+3}
  2276 | D:4      | Reached XP level 6. HP: 42/44 MP: 9/9
  2419 | D:4      | Reached skill level 5 in Polearms
  2450 | D:4      | Reached *** piety under Jiyva
  2491 | D:4      | Gained mutation: You are somewhat resistant to further
                  | mutation. [Jiyva's grace]
  2491 | D:4      | Gained mutation: You are somewhat resistant to both further
                  | mutation and mutation removal. [Jiyva's grace]
  2491 | D:4      | Gained mutation: You are almost entirely resistant to
                  | further mutation and mutation removal. [Jiyva's grace]
  2491 | D:4      | Gained mutation: Your flesh is cold resistant. (rC+)
                  | [Jiyva's grace]
  3121 | D:5      | Entered Level 5 of the Dungeon
  3239 | D:5      | Reached **** piety under Jiyva
  3262 | D:5      | Noticed an orc warrior
  3316 | D:5      | Found a staircase to the Ecumenical Temple.
  3324 | D:5      | Learned a level 2 spell: Searing Ray
  3479 | D:5      | Killed an orc warrior
  3480 | D:5      | Reached skill level 6 in Conjurations
  3480 | D:5      | Gained mutation: You are surrounded by a mild repulsion
                  | field. (EV +2) [demonic ancestry]
  3480 | D:5      | Reached XP level 7. HP: 50/50 MP: 10/10
  3863 | D:6      | Reached ***** piety under Jiyva
  3968 | D:6      | You fall into a shaft and drop 3 floors!
  4028 | D:9      | Noticed Maurice
  4036 | D:9      | Killed Maurice
  4037 | D:9      | Reached skill level 7 in Conjurations
  4037 | D:9      | Gained mutation: You are surrounded by a moderate repulsion
                  | field. (EV +3) [demonic ancestry]
  4037 | D:9      | Reached XP level 8. HP: 52/56 MP: 12/14
  4123 | D:9      | Reached skill level 5 in Spellcasting
  4123 | D:9      | Reached skill level 8 in Conjurations
  4148 | D:9      | Reached skill level 9 in Conjurations
  4165 | D:9      | Gained mutation: Your touch may inflict irresistible damage
                  | on your foes. [demonic ancestry]
  4165 | D:9      | Reached XP level 9. HP: 48/61 MP: 16/16
  4168 | D:9      | Reached skill level 10 in Conjurations
  4194 | D:9      | Found a staircase to the Lair.
  4274 | D:9      | Noticed Psyche
  4275 | D:9      | Paralysed by Psyche for 3 turns
  4289 | D:9      | Killed Psyche
  4290 | D:9      | Reached skill level 11 in Conjurations
  4313 | D:9      | Lost mutation: You are almost entirely resistant to further
                  | mutation and mutation removal. [Jiyva's grace]
  4313 | D:9      | Gained mutation: You are robust. (+10% HP) [Jiyva's grace]
  4313 | D:9      | Gained mutation: You are very robust. (+20% HP) [Jiyva's
                  | grace]
  4313 | D:9      | Gained mutation: You are extremely robust. (+30% HP)
                  | [Jiyva's grace]
  4313 | D:9      | Gained mutation: Your muscles are strong. (Str +4, Int/Dex
                  | -1) [Jiyva's grace]
  4380 | D:9      | Noticed a troll
  4413 | D:9      | Killed a troll
  4555 | D:9      | Reached skill level 12 in Conjurations
  4693 | D:9      | Found a shimmering blue altar of Sif Muna.
  5291 | D:8      | Learned a level 4 spell: Fulminant Prism
  5379 | D:8      | Reached XP level 10. HP: 87/87 MP: 17/17
  5385 | D:8      | Found Efrodwij's Neck Hole.
  5659 | D:8      | Reached skill level 1 in Armour
  5659 | D:8      | Reached skill level 1 in Hexes
  5880 | D:8      | Noticed a centaur warrior
  5899 | D:8      | Killed a centaur warrior
  6016 | D:8      | Reached skill level 13 in Conjurations
  6466 | D:7      | Noticed a two-headed ogre
  6480 | D:7      | Killed a two-headed ogre
  6668 | D:7      | Reached ****** piety under Jiyva
  7023 | D:6      | Lost mutation: You are extremely robust. (+30% HP) [Jiyva's
                  | grace]
  7023 | D:6      | Gained mutation: Your melee attacks may engulf your foes in
                  | ooze. [Jiyva's grace]
  7023 | D:6      | Gained mutation: You have a pair of small horns on your
                  | head. [Jiyva's grace]
  7023 | D:6      | Gained mutation: You have a pair of horns on your head.
                  | [Jiyva's grace]
  7023 | D:6      | Gained mutation: You have a pair of large horns on your
                  | head. [Jiyva's grace]
  7912 | D:10     | Entered Level 10 of the Dungeon
  7935 | D:10     | Gained mutation: Your touch may irresistibly damage your
                  | foes and sap their willpower. [demonic ancestry]
  7935 | D:10     | Reached XP level 11. HP: 92/92 MP: 13/20
  8778 | D:11     | Noticed a purple ugly thing
  8787 | D:11     | Killed a purple ugly thing
  8845 | D:11     | Found a stormy altar of Qazlal.
  8975 | D:11     | Lost mutation: Your flesh is cold resistant. (rC+) [Jiyva's
                  | grace]
  8975 | D:11     | Lost mutation: You are somewhat resistant to both further
                  | mutation and mutation removal. [Jiyva's grace]
  8975 | D:11     | Gained mutation: Your mind is acute. (Int +4, Str/Dex -1)
                  | [Jiyva's grace]
  8975 | D:11     | Gained mutation: Your mind is very acute. (Int +8, Str/Dex
                  | -2) [Jiyva's grace]
  8975 | D:11     | Gained mutation: A frigid envelope surrounds you and
                  | freezes all who hurt you. [Jiyva's grace]
  8975 | D:11     | Gained mutation: You are agile. (Dex +4, Str/Int -1)
                  | [Jiyva's grace]
  9367 | D:11     | Found a staircase to the Orcish Mines.
  9608 | D:12     | Noticed a skeletal warrior
  9608 | D:12     | Noticed a skeletal warrior
  9609 | D:12     | Noticed a skeletal warrior
  9691 | D:12     | Killed a boulder beetle
  9692 | D:12     | Noticed a boulder beetle
  9694 | D:12     | Noticed a boulder beetle
  9700 | D:12     | Killed a boulder beetle
  9701 | D:12     | Reached skill level 5 in Fighting
  9701 | D:12     | Reached skill level 14 in Conjurations
  9703 | D:12     | Noticed a centaur warrior
  9705 | D:12     | Killed a centaur warrior
  9710 | D:12     | Noticed a tengu warrior
  9720 | D:12     | Killed a boulder beetle
  9720 | D:12     | Killed a tengu warrior
  9721 | D:12     | Reached skill level 5 in Hexes
  9724 | D:12     | Noticed a wizard
  9733 | D:12     | Killed a wizard
  9734 | D:12     | Reached skill level 5 in Dodging
  9744 | D:12     | Was placed under penance by Jiyva
  9746 | D:12     | Reached XP level 12. HP: 73/105 MP: 18/22
  9752 | D:12     | Noticed a boulder beetle
  9794 | D:12     | Killed a boulder beetle
  9810 | D:12     | Reached skill level 5 in Armour
 10309 | Lair:1   | Entered Level 1 of the Lair of Beasts
 10390 | Lair:1   | Found a sacrificial altar of Ru.
 10425 | Lair:1   | Was forgiven by Jiyva
 10441 | Lair:1   | Noticed a catoblepas
 10449 | Lair:1   | Killed a catoblepas
 10664 | Lair:1   | Noticed Erica
 10675 | Lair:1   | Killed Erica
 11142 | Lair:2   | Lost mutation: You have a pair of large horns on your head.
                  | [Jiyva's grace]
 11142 | Lair:2   | Lost mutation: Your mind is very acute. (Int +8, Str/Dex
                  | -2) [Jiyva's grace]
 11142 | Lair:2   | Lost mutation: Your mind is acute. (Int +4, Str/Dex -1)
                  | [Jiyva's grace]
 11142 | Lair:2   | Lost mutation: You are somewhat resistant to further
                  | mutation. [Jiyva's grace]
 11142 | Lair:2   | Gained mutation: Your rubbery body absorbs attacks. (AC +1,
                  | EV +1) [Jiyva's grace]
 11142 | Lair:2   | Gained mutation: Your pliable body absorbs attacks. (AC +2,
                  | EV +2) [Jiyva's grace]
 11142 | Lair:2   | Gained mutation: Your gelatinous body deflects attacks. (AC
                  | +3, EV +3) [Jiyva's grace]
 11142 | Lair:2   | Gained mutation: You have a pair of large horns on your
                  | head. [Jiyva's grace]
 11488 | Lair:3   | Found a staircase to the Shoals.
 11645 | Lair:3   | Found a hole to the Spider Nest.
 12261 | Lair:4   | Noticed a catoblepas
 12261 | Lair:4   | Noticed a death yak
 12261 | Lair:4   | Noticed a death yak
 12281 | Lair:4   | Killed a catoblepas
 12285 | Lair:4   | Killed a death yak
 12297 | Lair:4   | Killed a death yak
 12332 | Lair:4   | Noticed a death yak
 12341 | Lair:4   | Killed a death yak
 12342 | Lair:4   | Reached XP level 13. HP: 92/120 MP: 23/26
 12417 | Lair:4   | Lost mutation: Your gelatinous body deflects attacks. (AC
                  | +3, EV +3) [Jiyva's grace]
 12417 | Lair:4   | Lost mutation: Your melee attacks may engulf your foes in
                  | ooze. [Jiyva's grace]
 12417 | Lair:4   | Gained mutation: You passively map a small area around you.
                  | [Jiyva's grace]
 12417 | Lair:4   | Gained mutation: You passively map the area around you.
                  | [Jiyva's grace]
 12417 | Lair:4   | Gained mutation: You passively map a large area around you.
                  | [Jiyva's grace]
 12417 | Lair:4   | Gained mutation: Your spells are a little harder to cast,
                  | but a little more powerful. [Jiyva's grace]
 12680 | Lair:4   | Found a staircase to the Slime Pits.
 12883 | Slime:1  | Entered Level 1 of the Pits of Slime
 12980 | Slime:2  | Noticed an acid blob
 13031 | Slime:3  | Noticed an azure jelly
 13033 | Slime:3  | Noticed a quicksilver ooze
 13051 | Slime:3  | Noticed an acid blob
 13097 | Slime:3  | Noticed an azure jelly
 13132 | Slime:5  | Entered Level 5 of the Pits of Slime
 13132 | Slime:5  | Noticed an acid blob
 13135 | Slime:5  | Noticed an acid blob
 13148 | Slime:5  | Noticed a quicksilver ooze
 13148 | Slime:5  | Noticed an acid blob
 13151 | Slime:5  | Found a viscous altar of Jiyva.
 13152 | Slime:5  | Noticed an acid blob
 13152 | Slime:5  | Noticed a rockslime
 13152 | Slime:5  | Noticed an azure jelly
 13152 | Slime:5  | Noticed an azure jelly
 13153 | Slime:5  | Noticed an acid blob
 13153 | Slime:5  | Noticed the Royal Jelly
 13155 | Slime:5  | Noticed a rockslime
 13156 | Slime:5  | Identified the ring of Meugair {rPois rC+ Will+}
 13156 | Slime:5  | Noticed an acid blob
 13159 | Slime:5  | Identified the +2 ring mail "Xiyr" {Will+}
 13160 | Slime:5  | Noticed an azure jelly
 13162 | Slime:5  | Noticed a rockslime
 13168 | Slime:5  | Identified the +4 rapier of the Harvest {vorpal, rElec rC-
                  | rN++ Will+}
 13171 | Slime:5  | Identified the +6 demon blade of Sharp Optimality {drain,
                  | rF+ Str+4}
 13182 | Slime:5  | Got a slimy rune of Zot
 13183 | Slime:5  | Identified the +9 short sword of Laceration {drain, rPois
                  | Str+3}
 13203 | Slime:5  | Noticed an acid blob
 13253 | Slime:1  | Noticed an acid blob
 13257 | Slime:1  | Noticed an azure jelly
 13306 | Lair:5   | Entered Level 5 of the Lair of Beasts
 13537 | Lair:5   | Reached skill level 10 in Spellcasting
 13720 | Lair:5   | Reached skill level 10 in Fighting
 13720 | Lair:5   | Reached skill level 15 in Conjurations
 14386 | Lair:5   | Reached skill level 16 in Conjurations
 14437 | Lair:5   | Got the Reference Book on Coarse Firn
 14624 | Lair:5   | Gained mutation: Your magical and physical power is
                  | slightly enhanced at high health. [demonic ancestry]
 14624 | Lair:5   | Reached XP level 14. HP: 132/132 MP: 17/28
 14644 | Lair:5   | Found a corrupted altar of Lugonu.
 14644 | Lair:5   | Found a one-way gate to the infinite horrors of the Abyss.
 14957 | Orc:1    | Entered Level 1 of the Orcish Mines
 15178 | Orc:2    | Entered Level 2 of the Orcish Mines
 15190 | Orc:2    | Reached skill level 17 in Conjurations
 15203 | Orc:2    | Noticed a stone giant
 15210 | Orc:2    | Reached skill level 1 in Evocations
 15212 | Orc:2    | Was placed under penance by Jiyva
 15218 | Orc:2    | Killed a stone giant
 15310 | Orc:2    | Found Uvomaew's General Store.
 16156 | Orc:2    | Found Yplocreg's Jewellery Shoppe.
 16255 | Orc:2    | Was forgiven by Jiyva
 16323 | Orc:2    | Found a staircase to the Elven Halls.
 16404 | Orc:2    | Found Wiofexan's Antique Weapon Boutique.
 16436 | Orc:2    | Lost mutation: You are agile. (Dex +4, Str/Int -1) [Jiyva's
                  | grace]
 16436 | Orc:2    | Lost mutation: A frigid envelope surrounds you and freezes
                  | all who hurt you. [Jiyva's grace]
 16436 | Orc:2    | Lost mutation: You passively map a large area around you.
                  | [Jiyva's grace]
 16436 | Orc:2    | Lost mutation: You are very robust. (+20% HP) [Jiyva's
                  | grace]
 16436 | Orc:2    | Gained mutation: Your melee attacks may engulf your foes in
                  | ooze. [Jiyva's grace]
 16436 | Orc:2    | Gained mutation: You are covered in slimy tendrils that may
                  | disarm your opponents. [Jiyva's grace]
 16436 | Orc:2    | Gained mutation: Your body has grown eyes which may confuse
                  | attackers. (Acc +3) [Jiyva's grace]
 16436 | Orc:2    | Gained mutation: Your body has grown many eyes which may
                  | confuse attackers. (Acc +5) [Jiyva's grace]
 16443 | Orc:2    | Found Xetuekyu's Antique Armour Shop.
 16451 | Orc:2    | Bought an embroidered scarf for 240 gold pieces
 16751 | D:12     | Found Ungop's Jewellery Emporium.
 17403 | D:13     | Found a transporter.
 17407 | D:13     | Found a bloodstained altar of Trog.
 17407 | D:13     | Noticed Tuopn's ghost (journeyman OpFE)
 17420 | D:13     | Found a transporter.
 18625 | D:14     | Was placed under penance by Jiyva
 18875 | D:14     | Found a gate to the Vaults.
 18914 | D:15     | Entered Level 15 of the Dungeon
 19133 | D:15     | Was forgiven by Jiyva
 19209 | D:15     | Lost mutation: You have a pair of large horns on your head.
                  | [Jiyva's grace]
 19209 | D:15     | Lost mutation: You passively map the area around you.
                  | [Jiyva's grace]
 19209 | D:15     | Lost mutation: You are robust. (+10% HP) [Jiyva's grace]
 19209 | D:15     | Lost mutation: Your spells are a little harder to cast, but
                  | a little more powerful. [Jiyva's grace]
 19209 | D:15     | Gained mutation: Armour fits poorly on your pseudopods.
                  | [Jiyva's grace]
 19209 | D:15     | Gained mutation: Armour fits poorly on your large
                  | pseudopods. [Jiyva's grace]
 19209 | D:15     | Gained mutation: Armour fits poorly on your massive
                  | pseudopods. [Jiyva's grace]
 19209 | D:15     | Gained mutation: Your natural rate of healing is unusually
                  | fast. [Jiyva's grace]
 19370 | D:15     | Noticed a stone giant
 19375 | D:15     | Reached skill level 5 in Evocations
 19375 | D:15     | Killed a stone giant
 19389 | D:15     | Found a runed translucent gate.
 19389 | D:15     | Noticed Cancer's ghost (adept GrEE)
 19390 | D:15     | Found a runed translucent gate.
 19390 | D:15     | Identified the +5 eveningstar "Viasix" {vamp, rCorr}
 19391 | D:15     | Found a runed translucent gate.
 19402 | D:15     | Found a blossoming altar of Fedhas.
 19403 | D:15     | Found an iron altar of Okawaru.
 19628 | D:15     | Found a staircase to the Depths.
 19911 | Spider:1 | Entered Level 1 of the Spider Nest
 19941 | Lair:3   | Gained mutation: Your magical and physical power is
                  | enhanced at high health. [demonic ancestry]
 19941 | Lair:3   | Reached XP level 15. HP: 38/118 MP: 26/29
 19972 | Lair:3   | Learned a level 6 spell: Simulacrum
 20033 | Shoals:1 | Entered Level 1 of the Shoals
 20260 | Shoals:1 | Reached skill level 1 in Ice Magic
 20499 | Shoals:1 | Found the +8 orange crystal plate armour {Archmagi, Int+3
                  | Clar}
 21473 | Shoals:2 | Lost mutation: Your body has grown many eyes which may
                  | confuse attackers. (Acc +5) [Jiyva's grace]
 21473 | Shoals:2 | Lost mutation: Armour fits poorly on your massive
                  | pseudopods. [Jiyva's grace]
 21473 | Shoals:2 | Lost mutation: Your melee attacks may engulf your foes in
                  | ooze. [Jiyva's grace]
 21473 | Shoals:2 | Gained mutation: You are agile. (Dex +4, Str/Int -1)
                  | [Jiyva's grace]
 21473 | Shoals:2 | Gained mutation: You are very agile. (Dex +8, Str/Int -2)
                  | [Jiyva's grace]
 21473 | Shoals:2 | Gained mutation: You have a small jelly attached to you
                  | that may absorb projectiles. [Jiyva's grace]
 21473 | Shoals:2 | Gained mutation: Your body has grown many eyes which may
                  | confuse attackers. (Acc +5) [Jiyva's grace]
 21745 | Shoals:3 | Reached skill level 5 in Necromancy
 22020 | Spider:1 | Reached skill level 5 in Ice Magic
 22023 | Spider:1 | Reached XP level 16. HP: 127/127 MP: 11/30
 22228 | Spider:1 | Found a runed translucent door.
 22229 | Spider:1 | Found a shimmering altar of Xom.
 22229 | Spider:1 | Noticed Fawason's ghost (adept HuFi)
 22561 | Spider:2 | Noticed Donald
 22646 | Spider:2 | Killed Donald
 22995 | Spider:2 | Found the +5 sword of Power {vorpal}
 23060 | Spider:2 | Was placed under penance by Jiyva
 23805 | D:12     | Lost mutation: You are covered in slimy tendrils that may
                  | disarm your opponents. [the all-consuming vengeance of
                  | Jiyva]
 23887 | Vaults:1 | Entered Level 1 of the Vaults
 24152 | Vaults:1 | Paralysed by a great orb of eyes for 4 turns
 24204 | Vaults:1 | Paralysed by a great orb of eyes for 5 turns
 24535 | D:14     | Was forgiven by Jiyva
 24581 | D:14     | Reached skill level 10 in Necromancy
 24984 | Vaults:1 | Lost mutation: You have a pair of horns on your head.
                  | [Jiyva's grace]
 24984 | Vaults:1 | Lost mutation: You are very agile. (Dex +8, Str/Int -2)
                  | [Jiyva's grace]
 24984 | Vaults:1 | Lost mutation: Your pliable body absorbs attacks. (AC +2,
                  | EV +2) [Jiyva's grace]
 24984 | Vaults:1 | Lost mutation: Armour fits poorly on your large pseudopods.
                  | [Jiyva's grace]
 24984 | Vaults:1 | Gained mutation: Your translucent skin slightly reduces
                  | your foes' accuracy. (Stealth+) [Jiyva's grace]
 24984 | Vaults:1 | Gained mutation: Your translucent skin reduces your foes'
                  | accuracy. (Stealth+) [Jiyva's grace]
 24984 | Vaults:1 | Gained mutation: Your transparent skin significantly
                  | reduces your foes' accuracy. (Stealth+) [Jiyva's grace]
 24984 | Vaults:1 | Gained mutation: You are strong-willed. (Will+) [Jiyva's
                  | grace]
 24997 | Vaults:1 | Learned a level 5 spell: Borgnjor's Vile Clutch
 25167 | Vaults:1 | Reached XP level 17. HP: 124/135 MP: 28/31
 25246 | Vaults:1 | Reached skill level 1 in Earth Magic
 25494 | Vaults:1 | Found Deloynoc's Assorted Antiques.
 25795 | Vaults:2 | Found a staircase to the Crypt.
 26707 | Vaults:2 | Noticed Nikola
 26985 | Vaults:2 | Lost mutation: You are agile. (Dex +4, Str/Int -1) [Jiyva's
                  | grace]
 26985 | Vaults:2 | Lost mutation: Your body has grown many eyes which may
                  | confuse attackers. (Acc +5) [Jiyva's grace]
 26985 | Vaults:2 | Lost mutation: Your transparent skin significantly reduces
                  | your foes' accuracy. (Stealth+) [Jiyva's grace]
 26985 | Vaults:2 | Gained mutation: You have acidic saliva. [Jiyva's grace]
 26985 | Vaults:2 | Gained mutation: You have hidden genetic potential.
                  | [Jiyva's grace]
 26985 | Vaults:2 | Gained mutation: You have great hidden genetic potential.
                  | [Jiyva's grace]
 26985 | Vaults:2 | Gained mutation: Your mind is acute. (Int +4, Str/Dex -1)
                  | [Jiyva's grace]
 27242 | Vaults:3 | Reached skill level 10 in Hexes
 27281 | Vaults:3 | Found a portal to a secret trove of treasure.
 27300 | Vaults:3 | Found a magical portal.
 27310 | WizLab   | Entered The Chambers of the Cloud Mage
 27565 | Vaults:2 | Paralysed by a sphinx for 3 turns
 27602 | Vaults:3 | HP: 4/137 [yaktaur captain/bolt (44)]
 27602 | Vaults:3 | Shot with an arrow by a centaur warrior

Illustrated notes

Levels and vault maps discovered:
D:1:      giann_wishing_wells, layout_basic, ebering_ecumenical_altar_rust
D:2:      layout_rooms, basic_altar, minmay_3d_cube
D:3:      layout_basic
D:4:      nicolae_cairo_tiling_large, layout_basic, minmay_manual_monstrance
D:5:      layout_gridville, minmay_temple_entry_glass, serial_bayou_crossing
D:6:      layout_basic, kennysheep_generic_room_8
D:7:      layout_loops_cross
D:8:      minmay_chambers_of_sixes, layout_loops_ring,
          nicolae_shop_sticking_my_neck_out
D:9:      layout_basic, mainiacjoe_overflow_chevrons,
          due_lair_maze_entry_diamond, serial_co_window_serial,
          co_window_of_opportunity_a, co_window_of_opportunity_a,
          co_window_corner_a, co_window_corner_a, co_window_of_opportunity_a,
          co_window_2corner, co_window_of_opportunity_c,
          co_window_unsneaky_path_c, co_window_4corner_a, co_window_paths_d,
          glass_columns_b, uniq_maurice, uniq_psyche
D:10:     minmay_angry_zag, layout_basic, chequers_serial_rivers_small_a,
          st_stairs_14
D:11:     layout_basic, erik_orc_1, chequers_decorated_corner,
          nicolae_qazlal_style_of_elements
D:12:     minmay_ornate_pinched, layout_loops_ring,
          minmay_shop_enchanted_jewellery, elyvilon_altar_5
D:13:     layout_basic, gammafunk_ghost_wrathful_warriors
D:14:     layout_roguey, david_vaults_4, minmay_misc_feat_alley
D:15:     grunt_enter_depths_snipers, layout_irregular_city,
          hangedman_abyss_or_decor_lesser_grid, gammafunk_ghost_fury_of_okawaru,
          fedhas_altar_2
Lair:1:   layout_long_grid, basic_altar, infiniplex_staircase_pool, uniq_erica,
          uniq_harold
Lair:2:   layout_hall_layers, chequers_serial_rivers_small_b, st_stairs_10
Lair:3:   layout_regular_city, minmay_shoals_entry_hut,
          nicolae_spider_entry_non_spiders
Lair:4:   beast_lair_carwin_large_3, layout_hall_layers, slime_entry_1
Lair:5:   hellmonk_lair_end_abyssal_woods, layout_cave_pods, grunt_megastairs_2
Shoals:1: layout_shoals
Shoals:2: layout_shoals
Shoals:3: layout_shoals
Spider:1: layout_spider_delve, ebering_ghost_xom, drop_trap,
          nicolae_crawler_farm
Spider:2: layout_spider_delve, hangedman_spider_trapstep, uniq_donald
Spider:3: layout_spider_delve
Slime:1:  layout_caves
Slime:2:  layout_caves, nicolae_slime_barrier
Slime:3:  layout_caves
Slime:4:  layout_caves, special_room [special_room_jelly], uniq_dissolution
Slime:5
Orc:1:    layout_caves, nicolae_orc_rockfall
Orc:2:    grunt_orc_gardens, layout_diamond_mine, grunt_orc_garden,
          grunt_orc_garden, grunt_orc_garden, grunt_orc_garden, mines2_david
Vaults:1: vaults_mumra_hexcomb, v_pattern_4, hangedman_vaults_maws,
          hangedman_vaults_nails, v_rooms_1, v_misc_5,
          hangedman_vaults_stretched_pinwheel, vaults_room_door_ring,
          ontoclasm_vaults_tryst, nicolae_vaults_little_squares_3,
          nicolae_vaults_little_squares_6, layout_vaults_omnibox, serial_shops,
          shop
Vaults:2: hangedman_vaults_restitches, vaults_room_door_ring,
          blue_anna_dwarven_crypt, nicolae_vaults_windows_and_doors_thing,
          v_misc_8, nicolae_vaults_diagonal_hallway_7, grunt_vaults_twisty,
          vaults_room_corners, vaults_room_stairs_pillars,
          layout_vaults_omnigrid, uniq_nikola
Vaults:3: mu_enter_wizlab_2, hangedman_vaults_slice, nicolae_vaults_triangles,
          ontoclasm_vaults_fault, v_misc_14, nicolae_vaults_big_angled_halls,
          ontoclasm_vaults_loading_screen, v_rooms_5,
          nicolae_vaults_little_squares_3, vaults_room_pools,
          vaults_room_hallway, layout_vaults_omnicross, enter_trove_0,
          uniq_asterion

Skill      XL: |  1  2  3  4  5  6  7  8  9 10 11 12 13 14 15 16 17 |
---------------+----------------------------------------------------+-----
Polearms       | 3 4 5 |  5.3
Necromancy     | 1 6 10 11 | 11.3
Conjurations   | 4 5 6 7 9 12 13 14 16 17 | 17.7
Spellcasting   | 4 5 6 7 9 10 11 | 11.5
Dodging        | 3 5 7 8 |  8.1
Armour         | 2 4 5 |  5.0
Hexes          | 3 5 7 8 9 10 | 10.2
Fighting       | 4 6 8 10 11 12 13 | 13.4
Evocations     | 5 7 9 |  9.0
Ice Magic      | 5 6 |  6.0
Earth Magic    | 3 |  3.9

Action                   |  1- 3 |  4- 6 |  7- 9 | 10-12 | 13-15 | 16-18 || total
-------------------------+-------+-------+-------+-------+-------+-------++-------
Melee: Spear             |   139 |    84 |       |       |       |       ||   223
       Touch             |    16 |    10 |       |       |     1 |     2 ||    29
       Unarmed           |       |       |     8 |       |       |       ||     8
       Trident           |       |       |       |       |     8 |       ||     8
       Pseudopods        |       |       |       |       |     3 |     4 ||     7
       Headbutt          |       |       |       |       |     2 |     4 ||     6
       Great sword       |       |       |       |       |       |     8 ||     8
       Sling             |       |       |       |       |       |     1 ||     1
       Rapier            |       |       |       |       |       |     5 ||     5
 Fire: Sling             |       |    36 |   173 |   347 |   562 |   228 ||  1346
Throw: Dart              |       |       |       |       |       |     3 ||     3
 Cast: Kiss of Death     |     1 |     1 |       |       |       |       ||     2
       Searing Ray       |       |       |       |    37 |   118 |    81 ||   236
       Fulminant Prism   |       |       |       |    31 |   145 |   154 ||   330
       Volcanic Tap      |       |       |       |       |     1 |       ||     1
       Hailstorm         |       |       |       |       |     1 |       ||     1
       Borgnjor's Vile C |       |       |       |       |       |     3 ||     3
Invok: Oozemancy         |       |       |       |     1 |     3 |     3 ||     7
       Slimify           |       |       |       |       |     1 |       ||     1
Evoke: Wand              |       |       |       |     3 |     6 |     8 ||    17
       Condenser vane    |       |       |       |     1 |     4 |     3 ||     8
  Use: Scroll            |       |       |     1 |     6 |    13 |     5 ||    25
       Potion            |       |       |       |     3 |     5 |     4 ||    12
 Stab: Invisible         |       |       |     1 |       |       |       ||     1
Armor: Leather armour    |    33 |    17 |    39 |    59 |    52 |       ||   200
       Skin              |       |       |     1 |       |       |       ||     1
       Troll leather arm |       |       |       |       |    74 |    65 ||   139
Dodge: Dodged            |    77 |    62 |    93 |   267 |   753 |   665 ||  1917
Block: Other             |     8 |    16 |    19 |    60 |   128 |    99 ||   330

Table legend: (Time is in decaauts)
 A = Elapsed time spent in this place.
 B = Non-inter-level travel time spent in this place.
 C = Inter-level travel time spent in this place.
 D = Time resting spent in this place.
 E = Time spent auto-exploring this place.
 F = Levels seen in this place.
 G = Mean time per level.
                   A        B        C        D        E       F      G
               +--------+--------+--------+--------+--------+-----+--------+
         Total |  28421 |  25788 |   2633 |   2983 |  16182 |  37 |  768.1 |
       Dungeon |  14592 |  13115 |   1477 |    754 |   9207 |  15 |  972.8 |
          Lair |   4591 |   4062 |    529 |    207 |   2850 |   5 |  918.2 |
        Shoals |   2059 |   1842 |    217 |    379 |    807 |   3 |  686.3 |
   Spider Nest |   1761 |   1612 |    149 |    456 |    601 |   3 |  587.0 |
    Slime Pits |    375 |    251 |    124 |      0 |    181 |   5 |   75.0 |
  Orcish Mines |   1581 |   1540 |     41 |    620 |    618 |   2 |  790.5 |
        Vaults |   3445 |   3352 |     93 |    565 |   1913 |   3 | 1148.3 |
        Wizlab |     14 |     14 |      0 |      0 |      3 |   1 |   14.0 |
               +--------+--------+--------+--------+--------+-----+--------+

Top non-repeatable levels by time:
Vaults:2: 1732 daAuts
  Lair:5: 1517 daAuts
     D:9: 1488 daAuts
    D:11: 1398 daAuts
Vaults:1: 1385 daAuts
Shoals:1: 1251 daAuts
    D:14: 1171 daAuts
     D:8: 1134 daAuts
  Lair:3: 1062 daAuts
     D:4: 1057 daAuts
    D:12: 1055 daAuts
Spider:2: 1043 daAuts
     D:6: 1027 daAuts
    D:13: 947 daAuts
    D:10: 930 daAuts
